[Event "Rated Blitz game"]
[Site "?"]
[Date "2021.09.06"]
[Round "?"]
[White "Salvaged_Dirt"]
[Black "adnansendur"]
[Result "0-1"]
[ECO "C42"]
[WhiteElo "2547"]
[BlackElo "2512"]
[PlyCount "46"]
[EventDate "2021.??.??"]
[EventType "blitz"]
[TimeControl "180"]

1. e4 e5 2. Nf3 Nf6 3. Nxe5 d6 4. Nxf7 Kxf7 5. d4 Qe8 6. Nc3 c5 7. Be3 Nc6 8.
d5 Ne5 9. h3 a6 10. f4 Ned7 11. Qf3 b5 12. Bd3 c4 13. g4 cxd3 14. cxd3 g6 15.
h4 Nc5 16. Bxc5 Bxg4 17. Qg3 dxc5 18. e5 h5 19. O-O b4 20. Ne4 Nxd5 21. Ng5+
Kg8 22. d4 Bf5 23. Rac1 Rc8 {Time forfeit} 0-1

[Event "Rated Blitz game"]
[Site "?"]
[Date "2021.09.06"]
[Round "?"]
[White "Salvaged_Dirt"]
[Black "adnansendur"]
[Result "1-0"]
[ECO "C42"]
[WhiteElo "2521"]
[BlackElo "2529"]
[PlyCount "101"]
[EventDate "2021.??.??"]
[EventType "blitz"]
[TimeControl "180"]

1. e4 e5 2. Nf3 Nf6 3. Nxe5 d6 4. Nxf7 Kxf7 5. d4 Qe8 6. f3 c5 7. Nc3 cxd4 8.
Qxd4 Nc6 9. Bc4+ Be6 10. Qd3 Bxc4 11. Qxc4+ Qe6 12. Qb5 Nd4 13. Qxb7+ Be7 14.
O-O Nxc2 15. Rb1 Qc4 16. Nd5 Nxd5 17. exd5 Rhb8 18. Qd7 Qxd5 19. b3 Rb7 20. Qh3
h6 21. Bb2 Bf6 22. Bxf6 Kxf6 23. Rbc1 Nd4 24. Rc4 Re8 25. Qh4+ Kf7 26. Qxd4
Qxd4+ 27. Rxd4 Re2 28. Ra4 Rc7 29. Rd1 Rcc2 30. Rg4 Rxa2 31. h4 Ra6 32. b4 Rb2
33. h5 Rb6 34. Rf4+ Ke6 35. Re1+ Kd5 36. Rf7 R6xb4 37. Rxa7 Rh4 38. Rxg7 Rxh5
39. Ra7 Rg5 40. Ra5+ Kc4 41. Rxg5 hxg5 42. Re4+ Kc3 43. Rg4 d5 44. Rxg5 d4 45.
Rc5+ Kd2 46. Kf2 d3 47. g4 Kd1+ 48. Kf1 d2 49. g5 Rb8 50. f4 Rf8 51. f5 {
Time forfeit} 1-0

[Event "Rated Rapid game"]
[Site "?"]
[Date "2021.09.06"]
[Round "?"]
[White "lcgenius"]
[Black "Sergiokdw"]
[Result "1/2-1/2"]
[ECO "C42"]
[WhiteElo "2420"]
[BlackElo "2377"]
[PlyCount "77"]
[EventDate "2021.??.??"]
[EventType "rapid"]
[TimeControl "600"]

1. e4 e5 2. Nf3 Nf6 3. Nxe5 d6 4. Nxf7 Kxf7 5. d4 Qe8 6. Bc4+ d5 7. Bxd5+ Nxd5
8. Qh5+ g6 9. Qxd5+ Kg7 10. O-O c6 11. Qg5 Qxe4 12. Nc3 Qxc2 13. Bf4 h6 14.
Be5+ Kh7 15. Qd8 Bg7 16. Qc7 Nd7 17. Bxg7 Kxg7 18. Rae1 Rf8 19. Ne4 Qxb2 20.
Nd6 Qb6 21. Ne8+ Rxe8 22. Qd6 Qd8 23. Re6 Rxe6 24. Qxe6 Qf6 25. Qe3 Nb6 26. Re1
Bd7 27. Qa3 Re8 28. Rf1 a6 29. Qb4 Nd5 30. Qxb7 Re7 31. Qxa6 Qxd4 32. a4 Nb4
33. Qb7 Nd3 34. a5 Nxf2 35. Qb6 Nh3+ 36. Kh1 Nf2+ 37. Kg1 Nh3+ 38. Kh1 Nf2+ 39.
Kg1 {Normal} 1/2-1/2

[Event "Rated Blitz game"]
[Site "?"]
[Date "2021.09.06"]
[Round "?"]
[White "mared2"]
[Black "Eliasib"]
[Result "1-0"]
[ECO "C42"]
[WhiteElo "2405"]
[BlackElo "2304"]
[PlyCount "53"]
[EventDate "2021.??.??"]
[EventType "blitz"]
[TimeControl "180"]

1. e4 e5 2. Nf3 Nf6 3. Nxe5 d6 4. Nxf7 Kxf7 5. d4 c5 6. dxc5 Qa5+ 7. Nc3 Qxc5
8. Be3 Qb4 9. Qd2 Be6 10. O-O-O Nbd7 11. f3 Rc8 12. Bd4 Be7 13. g4 Ne5 14. Be2
Bc4 15. g5 Nfd7 16. f4 Nc6 17. Be3 Rhd8 18. h4 Bxe2 19. Qxe2 Na5 20. Rd4 Qb6
21. Nd5 Qa6 22. Qh5+ Kf8 23. Qxh7 Nc6 24. g6 Ke8 25. Qxg7 Nf8 26. Nf6+ Bxf6 27.
Qf7# {Normal} 1-0

[Event "Rated Blitz game"]
[Site "?"]
[Date "2021.09.06"]
[Round "?"]
[White "Nurulla75"]
[Black "RobertT74"]
[Result "1-0"]
[ECO "C42"]
[WhiteElo "2406"]
[BlackElo "2416"]
[PlyCount "103"]
[EventDate "2021.??.??"]
[EventType "blitz"]
[TimeControl "180"]

1. e4 e5 2. Nf3 Nf6 3. Nxe5 d6 4. Nxf7 Kxf7 5. Nc3 g6 6. d4 h6 7. Bc4+ Kg7 8.
O-O c5 9. f4 cxd4 10. Qxd4 Qb6 11. Qxb6 axb6 12. Be3 Nbd7 13. Bd4 Nc5 14. e5
dxe5 15. fxe5 Ne6 16. exf6+ Kf7 17. Rae1 Bc5 18. Bxc5 bxc5 19. Nb5 Ra6 20. Nc7
Rc6 21. Nxe6 Bxe6 22. Rxe6 Rxe6 23. Re1 Rhe8 24. a4 Kxf6 25. Rxe6+ Rxe6 26.
Bxe6 Kxe6 27. Kf2 Kd5 28. Ke3 Kc4 29. Ke4 Kb4 30. Kd5 c4 31. a5 c3 32. bxc3+
Kxa5 33. Kc5 h5 34. h4 Ka6 35. c4 Ka5 36. c3 Ka6 37. Kb4 Kb6 38. c5+ Kc6 39.
Kc4 Kd7 40. Kb5 Kc7 41. c4 Kd7 42. Kb6 Kc8 43. c6 bxc6 44. Kxc6 Kd8 45. Kd6 Ke8
46. c5 Kf7 47. c6 Kf6 48. c7 Kf5 49. c8=Q+ Kf4 50. Qc3 Kg4 51. Qf3+ Kxh4 52.
Qf4# {Normal} 1-0

[Event "Rated Blitz game"]
[Site "?"]
[Date "2021.09.06"]
[Round "?"]
[White "motro50"]
[Black "uriberto"]
[Result "1-0"]
[ECO "C42"]
[WhiteElo "2347"]
[BlackElo "2526"]
[PlyCount "49"]
[EventDate "2021.??.??"]
[EventType "blitz"]
[TimeControl "300"]

1. e4 e5 2. Nf3 Nf6 3. Nxe5 d6 4. Nxf7 Kxf7 5. d4 c6 6. Nc3 g6 7. Bc4+ d5 8.
exd5 cxd5 9. Nxd5 Be6 10. Nxf6 Bxc4 11. Ng4 Bb4+ 12. c3 Bd6 13. Qf3+ Kg8 14.
Nf6+ Kg7 15. Bg5 Be7 16. Qxb7 h6 17. Bh4 g5 18. Nh5+ Kg6 19. Qe4+ Kxh5 20. g4+
Kxh4 21. Qg2 Bd6 22. O-O-O Nd7 23. Rdg1 Nf6 24. f3 Ne4 25. Qg3+ {Normal} 1-0

[Event "Rated Blitz game"]
[Site "?"]
[Date "2021.09.05"]
[Round "?"]
[White "Psycochess1"]
[Black "RobertMugabe"]
[Result "1-0"]
[ECO "C42"]
[WhiteElo "2452"]
[BlackElo "2320"]
[PlyCount "75"]
[EventDate "2021.??.??"]
[EventType "blitz"]
[TimeControl "180+2"]

1. e4 e5 2. Nf3 Nf6 3. Nxe5 d6 4. Nxf7 Kxf7 5. d4 c6 6. Nc3 Be6 7. Bd3 Nbd7 8.
O-O Be7 9. f4 Kg8 10. f5 Bf7 11. g4 h6 12. Bf4 Qb6 13. Ne2 Nh7 14. Kh1 Re8 15.
e5 Bd5+ 16. Kg1 dxe5 17. c4 Bf7 18. Be3 exd4 19. Bxd4 Bc5 20. Bxc5 Qxc5+ 21.
Kg2 Ne5 22. Nf4 Nxd3 23. Qxd3 Qxc4 24. Qxc4 Bxc4 25. Rfd1 Nf8 26. h4 Be2 27.
Re1 Re4 28. Nxe2 Rxg4+ 29. Ng3 Rxh4 30. Re7 Rb4 31. Kh3 h5 32. f6 gxf6 33. Nf5
Rh7 34. Rg1+ Kh8 35. Re8 Rf7 36. Nh6 Rxb2 37. Nxf7+ Kh7 38. Rxf8 {Normal} 1-0

[Event "Rated Blitz game"]
[Site "?"]
[Date "2021.09.05"]
[Round "?"]
[White "Queribus"]
[Black "Matero1"]
[Result "0-1"]
[ECO "C42"]
[WhiteElo "2426"]
[BlackElo "2486"]
[PlyCount "112"]
[EventDate "2021.??.??"]
[EventType "blitz"]
[TimeControl "180"]

1. e4 e5 2. Nf3 Nf6 3. Nxe5 d6 4. Nxf7 Kxf7 5. Nc3 Nc6 6. d4 Be7 7. Bc4+ Ke8 8.
O-O Rf8 9. f4 Bg4 10. Qd3 Bh5 11. Be3 Na5 12. Rae1 Nxc4 13. Qxc4 c6 14. d5 Bf7
15. Qd3 cxd5 16. exd5 Bg6 17. f5 Bf7 18. Bg5 Qb6+ 19. Kh1 Kd7 20. Na4 Qa6 21.
Qxa6 bxa6 22. c4 Nxd5 23. Bxe7 Nxe7 24. b3 Rae8 25. Rd1 Bh5 26. Rd2 Rxf5 27.
Rfd1 Bxd1 28. Rxd1 Ref8 29. Kg1 Nc6 30. h3 Nb4 31. Rd2 Rf1+ 32. Kh2 R1f2 33.
Rd1 Rxa2 34. Nc5+ Kc6 35. Ne4 d5 36. cxd5+ Nxd5 37. Rxd5 Kxd5 38. Nc3+ Kd4 39.
Nxa2 a5 40. Kg3 Rf1 41. b4 Ra1 42. bxa5 Rxa2 43. Kh4 Rxa5 44. g4 Rc5 45. g5 a5
46. Kh5 a4 47. h4 a3 48. Kg4 a2 49. h5 a1=Q 50. h6 Qg1+ 51. Kf4 Qxg5+ 52. Kf3
Rf5+ 53. Ke2 Qe3+ 54. Kd1 Rf1+ 55. Kc2 Rf2+ 56. Kd1 Qd2# {Normal} 0-1

[Event "Rated Blitz game"]
[Site "?"]
[Date "2021.09.05"]
[Round "?"]
[White "Psycochess1"]
[Black "RobertMugabe"]
[Result "0-1"]
[ECO "C42"]
[WhiteElo "2459"]
[BlackElo "2313"]
[PlyCount "64"]
[EventDate "2021.??.??"]
[EventType "blitz"]
[TimeControl "180+2"]

1. e4 e5 2. Nf3 Nf6 3. Nxe5 d6 4. Nxf7 Kxf7 5. d4 c6 6. Nc3 Be6 7. f4 Be7 8. f5
Bd7 9. Bc4+ d5 10. exd5 cxd5 11. Nxd5 Kf8 12. O-O Nc6 13. Nxf6 Bxf6 14. d5 Ne5
15. Bb3 Qb6+ 16. Kh1 Bb5 17. Re1 Rd8 18. Be3 Qd6 19. Bf4 Kf7 20. Qd4 Rhe8 21.
c4 Nxc4 22. Qxc4 Bxc4 23. Bxd6 Bxb3 24. Rxe8 Kxe8 25. Bc7 Rd7 26. axb3 Rxc7 27.
g3 a6 28. Kg2 Rc2+ 29. Kh3 Rxb2 30. Re1+ Kd7 31. Re3 h5 32. Rf3 Rd2 {Normal}
0-1

[Event "Rated Blitz game"]
[Site "?"]
[Date "2021.09.05"]
[Round "?"]
[White "Carlseng"]
[Black "AdkhamEminov"]
[Result "1-0"]
[ECO "C42"]
[WhiteElo "2440"]
[BlackElo "2431"]
[PlyCount "51"]
[EventDate "2021.??.??"]
[EventType "blitz"]
[TimeControl "180"]

1. e4 e5 2. Nf3 Nf6 3. Nxe5 d6 4. Nxf7 Kxf7 5. Bc4+ Be6 6. Bxe6+ Kxe6 7. d4 Kd7
8. O-O c6 9. e5 Ne8 10. c4 Kc7 11. e6 d5 12. c5 b6 13. Bf4+ Kb7 14. b4 Be7 15.
Nc3 Bf6 16. Re1 Na6 17. Qa4 Nac7 18. b5 cxb5 19. Nxb5 Nxb5 20. Qxb5 Qc8 21.
cxb6 Qc6 22. Qb3 Qxb6 23. Qxd5+ Ka6 24. Rab1 Bxd4 25. Qc4+ Kb7 26. Qxd4 {Normal
} 1-0

[Event "Rated Blitz tournament 8NKRRUTL"]
[Site "?"]
[Date "2021.09.05"]
[Round "?"]
[White "dosen1231"]
[Black "Kovalchuk94"]
[Result "0-1"]
[ECO "C42"]
[WhiteElo "2314"]
[BlackElo "2681"]
[PlyCount "108"]
[EventDate "2021.??.??"]
[EventType "blitz"]
[TimeControl "180"]

1. e4 e5 2. Nf3 Nf6 3. Nxe5 d6 4. Nxf7 Kxf7 5. d4 c5 6. Bc4+ Be6 7. d5 Bd7 8.
Nc3 b6 9. O-O b5 10. Nxb5 Bxb5 11. Bxb5 Nxe4 12. Qh5+ g6 13. Qf3+ Nf6 14. Bg5
Bg7 15. Rae1 Nbd7 16. Bxd7 Qxd7 17. Re6 Qd8 18. Rfe1 Rf8 19. Qg3 Kg8 20. Rxd6
Qa5 21. Rde6 Qxa2 22. h4 Qxd5 23. R6e5 Qc4 24. c3 Nh5 25. R5e4 Qxe4 26. Rxe4
Nxg3 27. fxg3 Rae8 28. Rc4 Rf5 29. b4 cxb4 30. cxb4 a5 31. bxa5 Rxa5 32. Rc7
Rf5 33. g4 Rf7 34. Rc4 Be5 35. h5 Bf6 36. Bh6 Bg7 37. Bg5 Bf6 38. Bh6 Rd7 39.
hxg6 hxg6 40. g5 Bd4+ 41. Kh2 Bg7 42. Kh3 Bxh6 43. gxh6 Kh7 44. Rh4 Re3+ 45. g3
Rdd3 46. Rg4 Kxh6 47. Kh4 Kg7 48. Kh3 Kf6 49. Kh4 Rd2 50. Rf4+ Kg7 51. Ra4 Rde2
52. Kg5 Re5+ 53. Kf4 Kh6 54. g4 g5+ {Time forfeit} 0-1

[Event "Rated Blitz game"]
[Site "?"]
[Date "2021.09.05"]
[Round "?"]
[White "Dmitry_Gritsenko"]
[Black "licg"]
[Result "1/2-1/2"]
[ECO "C42"]
[WhiteElo "2526"]
[BlackElo "2527"]
[PlyCount "137"]
[EventDate "2021.??.??"]
[EventType "blitz"]
[TimeControl "180"]

1. e4 e5 2. Nf3 Nf6 3. Nxe5 d6 4. Nxf7 Kxf7 5. d4 c5 6. Nc3 cxd4 7. Bc4+ Be6 8.
Bxe6+ Kxe6 9. Qxd4 Nc6 10. Qc4+ Kd7 11. Bf4 Qb6 12. O-O-O Rd8 13. e5 Ne8 14.
exd6 Bxd6 15. Bxd6 Nxd6 16. Rxd6+ Kxd6 17. Rd1+ Kc7 18. Qf4+ Kc8 19. Nd5 Rxd5
20. Rxd5 Rd8 21. Qf5+ Kb8 22. Rxd8+ Qxd8 23. Qxh7 Qg5+ 24. Kb1 Qxg2 25. a3 Qf1+
26. Ka2 Qc4+ 27. Kb1 Qf7 28. f4 a5 29. f5 Nd4 30. Qh8+ Ka7 31. Qd8 Nc6 32. Qd3
Qf6 33. Qe3+ Qd4 34. Qg3 Qd1+ 35. Ka2 Qxc2 36. Qxg7 Qxf5 37. Qg1+ Ka6 38. h4
Qd5+ 39. Ka1 Nd4 40. Qf1+ Qb5 41. Qf6+ Nc6 42. h5 Qxh5 43. Qf1+ Qb5 44. Qf6 a4
45. Qe6 Qb3 46. Qf6 Qd1+ 47. Ka2 Qd5+ 48. Ka1 Ka7 49. Qf2+ b6 50. Qf6 Na5 51.
Qe7+ Ka6 52. Qe2+ Qc4 53. Qd1 Nb3+ 54. Kb1 Qe4+ 55. Ka2 Qd4 56. Qe2+ b5 57.
Qe6+ Qb6 58. Qg8 Qd6 59. Qa8+ Kb6 60. Qe8 Qd5 61. Qg6+ Ka5 62. Qc2 Nd4+ 63. Kb1
Nxc2 64. Kxc2 Qa2 65. Kc3 b4+ 66. axb4+ Kb5 67. Kc2 Kxb4 68. Kc1 Qxb2+ 69. Kxb2
{Time forfeit} 1/2-1/2

[Event "Rated Blitz game"]
[Site "?"]
[Date "2021.09.05"]
[Round "?"]
[White "Psycochess1"]
[Black "Huljuttelija"]
[Result "0-1"]
[ECO "C42"]
[WhiteElo "2477"]
[BlackElo "2492"]
[PlyCount "62"]
[EventDate "2021.??.??"]
[EventType "blitz"]
[TimeControl "180+2"]

1. e4 e5 2. Nf3 Nf6 3. Nxe5 d6 4. Nxf7 Kxf7 5. d4 c5 6. dxc5 d5 7. Nc3 Bxc5 8.
exd5 Bg4 9. f3 Re8+ 10. Be2 Bf5 11. g4 Bg6 12. g5 Nh5 13. Ne4 Nd7 14. Nxc5 Nxc5
15. O-O Qe7 16. Rf2 Bf5 17. b4 Nd7 18. f4 g6 19. Bxh5 gxh5 20. Bb2 Qe3 21.
Qxh5+ Kg8 22. Qh6 Re7 23. d6 Rf7 24. Raf1 Re8 25. Bc1 Qd4 26. c3 Qb6 27. c4 Re6
28. c5 Qxb4 29. g6 Rxg6+ 30. Rg2 Qxc5+ 31. Kh1 Be4 {Time forfeit} 0-1

[Event "Rated Blitz game"]
[Site "?"]
[Date "2021.09.04"]
[Round "?"]
[White "NguyenDucHoa"]
[Black "filmer75"]
[Result "1-0"]
[ECO "C42"]
[WhiteElo "2642"]
[BlackElo "2614"]
[PlyCount "115"]
[EventDate "2021.??.??"]
[EventType "blitz"]
[TimeControl "180"]

1. e4 e5 2. Nf3 Nf6 3. Nxe5 d6 4. Nxf7 Kxf7 5. Bc4+ d5 6. exd5 Bd6 7. O-O Rf8
8. d3 Bg4 9. f3 Bh5 10. Nc3 Kg8 11. Bg5 Nbd7 12. Ne4 h6 13. Bh4 Kh8 14. Qc1 Qe8
15. Bb3 Qf7 16. c4 b6 17. Ba4 Nc5 18. Nxf6 Nxa4 19. Ne4 Nc5 20. Nxd6 cxd6 21.
d4 Nd7 22. Qd2 Rac8 23. b3 Bg6 24. Rae1 Rfe8 25. a4 Nf6 26. Bg3 Qd7 27. Qf4
Rcd8 28. Rxe8+ Nxe8 29. Re1 Nf6 30. Bh4 Rf8 31. Re6 Bc2 32. Rxd6 Qe8 33. Re6
Qg6 34. Bxf6 Rxf6 35. Rxf6 Qxf6 36. Qxf6 gxf6 37. d6 Bf5 38. c5 bxc5 39. dxc5
Bd7 40. Kf2 Kg8 41. Ke3 Kf7 42. Kd4 Ke6 43. g4 Bc6 44. f4 a6 45. f5+ Kd7 46. h4
Bf3 47. g5 fxg5 48. hxg5 hxg5 49. Ke5 Bh5 50. f6 Bf7 51. b4 g4 52. Kf4 Bb3 53.
b5 axb5 54. axb5 Bc4 55. Kxg4 Bxb5 56. f7 Kc6 57. f8=Q Kxc5 58. d7+ {Normal}
1-0

[Event "Rated Rapid game"]
[Site "?"]
[Date "2021.09.04"]
[Round "?"]
[White "A-X-L"]
[Black "sw33tsych0"]
[Result "1-0"]
[ECO "C42"]
[WhiteElo "2442"]
[BlackElo "2263"]
[PlyCount "45"]
[EventDate "2021.??.??"]
[EventType "rapid"]
[TimeControl "600"]

1. e4 e5 2. Nf3 Nf6 3. Nxe5 d6 4. Nxf7 Kxf7 5. d4 Qe7 6. Bc4+ Ke8 7. O-O Nc6 8.
Nc3 Kd8 9. e5 Nd7 10. Nd5 Qe8 11. Bg5+ Be7 12. exd6 cxd6 13. Re1 Nf6 14. Nxf6
gxf6 15. Bxf6 Rf8 16. Bxe7+ Nxe7 17. Qd3 Bf5 18. Qb3 Kc7 19. Re3 Qd7 20. Rae1
Ng6 21. Bb5 Qd8 22. Qc4+ Kb8 23. Re8 {Time forfeit} 1-0

[Event "Rated Blitz game"]
[Site "?"]
[Date "2021.09.04"]
[Round "?"]
[White "transitos"]
[Black "aqibariz1"]
[Result "0-1"]
[ECO "C42"]
[WhiteElo "2402"]
[BlackElo "2336"]
[PlyCount "100"]
[EventDate "2021.??.??"]
[EventType "blitz"]
[TimeControl "300"]

1. e4 e5 2. Nf3 Nf6 3. Nxe5 d6 4. Nxf7 Kxf7 5. d4 Be7 6. Nc3 Re8 7. Bc4+ Be6 8.
Bxe6+ Kxe6 9. g4 Kf7 10. g5 Ng8 11. Qh5+ Kf8 12. O-O g6 13. Qxh7 Bxg5 14. f4
Bf6 15. Qxg6 Bxd4+ 16. Kh1 Qf6 17. Qg3 Qg7 18. Qf3 Nc6 19. Nb5 a6 20. Nxd4 Qxd4
21. e5 d5 22. c3 Qe4 23. Qxe4 dxe4 24. Be3 Nh6 25. Rae1 Nf5 26. Bc5+ Kf7 27.
Rxe4 b6 28. Bf2 Rad8 29. Re2 Rd3 30. Rg1 Rh8 31. Rg5 Nce7 32. Kg2 Nh4+ 33. Bxh4
Rxh4 34. Rg3 Rd8 35. Rf3 Rdh8 36. h3 Ke6 37. Rd2 Rg8+ 38. Kf2 Nf5 39. b3 Rh7
40. a4 Rhg7 41. Ke2 c5 42. b4 Rg2+ 43. Kd1 Rxd2+ 44. Kxd2 Rg2+ 45. Kd3 Ra2 46.
bxc5 bxc5 47. Kc4 Rxa4+ 48. Kxc5 Ra1 49. c4 a5 50. Kb5 Nd4+ {Normal} 0-1

[Event "Rated Rapid game"]
[Site "?"]
[Date "2021.09.04"]
[Round "?"]
[White "lcgenius"]
[Black "Nelson-sitorus"]
[Result "1-0"]
[ECO "C42"]
[WhiteElo "2440"]
[BlackElo "2286"]
[PlyCount "155"]
[EventDate "2021.??.??"]
[EventType "rapid"]
[TimeControl "600"]

1. e4 e5 2. Nf3 Nf6 3. Nxe5 d6 4. Nxf7 Kxf7 5. d4 c6 6. Bd3 Bg4 7. Qd2 Be7 8.
e5 dxe5 9. dxe5 Nd5 10. c4 Bg5 11. Qxg5 Qxg5 12. Bxg5 Nb4 13. Be4 Nd7 14. a3
Nc5 15. axb4 Nxe4 16. Be3 Be6 17. b3 h6 18. h4 b5 19. Bf4 g5 20. hxg5 hxg5 21.
Rxh8 Rxh8 22. Rxa7+ Kg6 23. Nd2 Rh1+ 24. Ke2 Nxd2 25. Bxd2 bxc4 26. bxc4 Bxc4+
27. Ke3 Rh2 28. g3 Rh8 29. Kd4 Bb5 30. f4 Rd8+ 31. Kc3 Rd3+ 32. Kc2 Rxg3 33.
fxg5 Bd3+ 34. Kb2 Kf5 35. Re7 Bc4 36. Rc7 Bd5 37. Re7 Rg2 38. Kc3 Be6 39. Rc7
Bd5 40. Re7 Be6 41. Rc7 Bd5 42. Re7 Re2 43. Kd3 Rxe5 44. Rxe5+ Kxe5 45. Ke3 Kf5
46. Kd4 Bh1 47. Kc5 Kg6 48. Kd6 Bg2 49. Be3 Bh1 50. Bd2 Bg2 51. Be3 Bf3 52. Bf4
Bg2 53. Bd2 Bf3 54. Bf4 Be4 55. Bd2 Bg2 56. Bc1 Kf5 57. Bd2 Be4 58. Bc1 Kg6 59.
Bd2 Kf7 60. Bc1 Ke8 61. Bd2 Kd8 62. Ke6 Kc8 63. Kf7 Bd5+ 64. Kf6 Kb7 65. Be3
Ka6 66. g6 Kb7 67. Ke7 Kc7 68. g7 Kc8 69. Kf8 Kd7 70. g8=Q Bxg8 71. Kxg8 Ke6
72. Bc5 Kd5 73. Kf7 Kc4 74. Ke7 Kb5 75. Kd7 Ka6 76. Kc7 Kb5 77. Kb7 Kc4 78.
Kxc6 {Normal} 1-0

[Event "Rated Blitz game"]
[Site "?"]
[Date "2021.09.03"]
[Round "?"]
[White "popina123"]
[Black "RnV4ever"]
[Result "0-1"]
[ECO "C42"]
[WhiteElo "2552"]
[BlackElo "2517"]
[PlyCount "100"]
[EventDate "2021.??.??"]
[EventType "blitz"]
[TimeControl "300"]

1. e4 e5 2. Nf3 Nf6 3. Nxe5 d6 4. Nxf7 Kxf7 5. Nc3 c6 6. d4 Be7 7. Bc4+ d5 8.
exd5 cxd5 9. Nxd5 Nxd5 10. Qh5+ g6 11. Qxd5+ Qxd5 12. Bxd5+ Kg7 13. O-O Nc6 14.
c3 Bf5 15. Re1 Rae8 16. f3 h5 17. Be3 Bh4 18. Bf2 Rxe1+ 19. Rxe1 Bf6 20. b4 a6
21. a4 Rc8 22. Be4 Re8 23. b5 Na5 24. Bg3 Bxe4 25. fxe4 Nc4 26. e5 Bg5 27. bxa6
bxa6 28. Rb1 h4 29. Bf2 a5 30. h3 Bd2 31. Be1 Bxe1 32. Rxe1 g5 33. Kf2 Kf7 34.
Kf3 Ke6 35. Kg4 Rg8 36. Rb1 Ne3+ 37. Kf3 Nd5 38. c4 Nb4 39. Ke4 Rf8 40. d5+ Ke7
41. Kd4 Rf4+ 42. Kc5 Nd3+ 43. Kc6 Nxe5+ 44. Kb5 Nxc4 45. Re1+ Kd6 46. Re6+ Kxd5
47. Rg6 Nd6+ 48. Kxa5 Rf5 49. Kb6 Ke4 50. Rxd6 Kf4 {Time forfeit} 0-1

[Event "Rated Blitz game"]
[Site "?"]
[Date "2021.09.03"]
[Round "?"]
[White "Electracy"]
[Black "Gmcapivara2021"]
[Result "1-0"]
[ECO "C42"]
[WhiteElo "2426"]
[BlackElo "2294"]
[PlyCount "67"]
[EventDate "2021.??.??"]
[EventType "blitz"]
[TimeControl "300"]

1. e4 e5 2. Nf3 Nf6 3. Nxe5 d6 4. Nxf7 Kxf7 5. d4 Be6 6. d5 Bd7 7. Nc3 Be7 8.
Bd3 Re8 9. O-O Kg8 10. f4 c6 11. e5 dxe5 12. fxe5 Bg4 13. exf6 Bxd1 14. f7+ Kh8
15. fxe8=R+ Qxe8 16. Rxd1 Bf6 17. Bf4 Bxc3 18. bxc3 cxd5 19. c4 d4 20. Rab1 Qd7
21. Be4 Nc6 22. Bd5 Rf8 23. Bg3 b6 24. Rf1 Re8 25. Rbe1 h6 26. Bf7 Rxe1 27.
Bxe1 g5 28. Bd5 Ne5 29. Bf2 Nc6 30. Re1 Kh7 31. Re6 Kg7 32. Rxc6 Qf5 33. Bxd4+
Kf8 34. Rf6+ {Normal} 1-0

[Event "Rated Blitz game"]
[Site "?"]
[Date "2021.09.03"]
[Round "?"]
[White "oticMJ"]
[Black "baemoth"]
[Result "0-1"]
[ECO "C42"]
[WhiteElo "2291"]
[BlackElo "2415"]
[PlyCount "136"]
[EventDate "2021.??.??"]
[EventType "blitz"]
[TimeControl "180"]

1. e4 e5 2. Nf3 Nf6 3. Nxe5 d6 4. Nxf7 Kxf7 5. Nc3 c6 6. Bc4+ d5 7. Bb3 Be6 8.
O-O dxe4 9. Bxe6+ Kxe6 10. Re1 Qd4 11. d3 Bb4 12. Bd2 Kf7 13. Nxe4 Bxd2 14.
Qxd2 Rf8 15. c3 Qd8 16. d4 Kg8 17. Nc5 Qb6 18. Qg5 Nbd7 19. Re7 Rf7 20. Rxf7
Kxf7 21. Nxd7 Nxd7 22. Re1 Nf6 23. Qd2 Re8 24. Rxe8 Kxe8 25. h3 Qc7 26. b3 Qe7
27. Qe3 Kf7 28. c4 Qe4 29. Qxe4 Nxe4 30. f3 Nc3 31. a3 Nb1 32. a4 Nd2 33. d5
Nxb3 34. dxc6 bxc6 35. Kf2 a5 36. Ke3 Nc5 37. Kd4 Nxa4 38. Ke5 Ke7 39. f4 Nb6
40. g4 Nxc4+ 41. Kd4 Nb6 42. Kc5 a4 43. Kb4 Kd6 44. f5 c5+ 45. Ka3 Ke5 46. h4
h5 47. gxh5 Kxf5 48. Kb2 Kg4 49. h6 gxh6 50. h5 Kh4 51. Ka3 Kxh5 52. Kb2 Kg4
53. Ka3 h5 54. Kb2 h4 55. Kc3 h3 56. Kd3 h2 57. Ke4 h1=Q+ 58. Ke5 Qd1 59. Ke4
c4 60. Ke5 c3 61. Ke4 c2 62. Ke5 c1=Q 63. Kf6 Qcc2 64. Kg7 Qf2 65. Kh6 Kf4 66.
Kg6 Ke3 67. Kg5 Qdg1+ 68. Kh5 Qfh2# {Normal} 0-1

[Event "Rated Blitz game"]
[Site "?"]
[Date "2021.09.03"]
[Round "?"]
[White "MarceloPlaya"]
[Black "Huljuttelija"]
[Result "1-0"]
[ECO "C42"]
[WhiteElo "2464"]
[BlackElo "2500"]
[PlyCount "111"]
[EventDate "2021.??.??"]
[EventType "blitz"]
[TimeControl "180+2"]

1. e4 e5 2. Nf3 Nf6 3. Nxe5 d6 4. Nxf7 Kxf7 5. Nc3 c5 6. Bc4+ d5 7. Nxd5 Be6 8.
Qf3 Nc6 9. Nxf6 Qxf6 10. Bxe6+ Kxe6 11. Qb3+ Kd6 12. O-O Kc7 13. d3 Nd4 14. Qd5
Qe6 15. Bf4+ Bd6 16. Bxd6+ Qxd6 17. Qf7+ Kb6 18. c3 Raf8 19. Qc4 Ne2+ 20. Kh1
Rf4 21. g3 Rf3 22. d4 Nxd4 23. cxd4 Qxd4 24. Qe6+ Kc7 25. Rad1 Qf6 26. Rd7+ Kb8
27. Qxf6 Rxf6 28. f4 Re8 29. e5 Rxe5 30. Kg2 Re2+ 31. Rf2 Rxf2+ 32. Kxf2 Rb6
33. b3 Ra6 34. a4 Rb6 35. Rxg7 Rxb3 36. f5 Rb6 37. Rxh7 Rc6 38. Ke3 c4 39. Kd2
a6 40. g4 b5 41. axb5 axb5 42. g5 b4 43. g6 c3+ 44. Kc2 b3+ 45. Kxb3 c2 46. g7
Rc8 47. g8=Q c1=Q 48. Qg3+ Ka8 49. Qf3+ Rc6 50. Rh8+ Ka7 51. Rh7+ Kb8 52. Qg3+
Ka8 53. Qg8+ Rc8 54. Qd5+ Rc6 55. Qd8+ Rc8 56. Qa5+ {Normal} 1-0

[Event "Rated Blitz game"]
[Site "?"]
[Date "2021.09.03"]
[Round "?"]
[White "oticMJ"]
[Black "baemoth"]
[Result "1/2-1/2"]
[ECO "C42"]
[WhiteElo "2287"]
[BlackElo "2419"]
[PlyCount "129"]
[EventDate "2021.??.??"]
[EventType "blitz"]
[TimeControl "180"]

1. e4 e5 2. Nf3 Nf6 3. Nxe5 d6 4. Nxf7 Kxf7 5. Nc3 c6 6. Bc4+ d5 7. exd5 cxd5
8. Nxd5 Be6 9. Ne3 Bxc4 10. Nxc4 Qe8+ 11. Qe2 Qxe2+ 12. Kxe2 Nc6 13. c3 Re8+
14. Kd1 Ne5 15. Nxe5+ Rxe5 16. f3 Bd6 17. d4 Re7 18. Bd2 Rhe8 19. Kc2 Re2 20.
Rag1 Nd5 21. h4 Bf4 22. Rd1 Ne3+ 23. Kd3 Nxd1 24. Rxd1 Rxd2+ 25. Rxd2 Bxd2 26.
Kxd2 h5 27. c4 Kf6 28. d5 Ke5 29. Kd3 b6 30. g3 Kd6 31. b4 Re1 32. Kd4 Rd1+ 33.
Ke4 a5 34. a3 axb4 35. axb4 Rb1 36. c5+ bxc5 37. bxc5+ Kxc5 38. g4 Re1+ 39. Kf4
Kxd5 40. Kg5 hxg4 41. fxg4 Ke6 42. Kg6 Rh1 43. h5 Ke7 44. g5 Kf8 45. Kh7 Rg1
46. Kg6 Kg8 47. h6 gxh6 48. Kxh6 Kh8 49. Kg6 Kg8 50. Kf6 Kh7 51. Kf5 Kg7 52.
Ke5 Kg6 53. Kf4 Rxg5 54. Kf3 Rf5+ 55. Ke4 Kg5 56. Ke3 Rf4 57. Kd3 Kg4 58. Ke3
Kg3 59. Kd3 Kf3 60. Kc3 Re4 61. Kd3 Kf4 62. Kd2 Re3 63. Kc2 Kf3 64. Kd2 Kf2 65.
Kc2 {Time forfeit} 1/2-1/2

[Event "Rated Rapid tournament PNSKF33O"]
[Site "?"]
[Date "2021.09.03"]
[Round "?"]
[White "P223344"]
[Black "Gambler_8707"]
[Result "0-1"]
[ECO "C42"]
[WhiteElo "2257"]
[BlackElo "2423"]
[PlyCount "56"]
[EventDate "2021.??.??"]
[EventType "rapid"]
[TimeControl "600"]

1. e4 e5 2. Nf3 Nf6 3. Nxe5 d6 4. Nxf7 Kxf7 5. f3 c6 6. d4 Be7 7. Bc4+ d5 8.
Bb3 Rf8 9. e5 Nfd7 10. Be3 Kg8 11. Nd2 c5 12. Bxd5+ Kh8 13. Be4 cxd4 14. Bxd4
Qc7 15. f4 Rxf4 16. Qh5 Nf8 17. e6 Nc6 18. Bc3 Bxe6 19. O-O-O Bg4 20. Qh6 Bf6
21. Bxf6 Rxf6 22. Qh4 Bxd1 23. Rxd1 Rd8 24. Rf1 Rxf1+ 25. Nxf1 Qd6 26. Bd3 Nb4
27. Ne3 Nxd3+ 28. cxd3 Qxd3 {Normal} 0-1

[Event "Rated Blitz game"]
[Site "?"]
[Date "2021.09.03"]
[Round "?"]
[White "Warummel"]
[Black "h_mdv79"]
[Result "0-1"]
[ECO "C42"]
[WhiteElo "2428"]
[BlackElo "2447"]
[PlyCount "114"]
[EventDate "2021.??.??"]
[EventType "blitz"]
[TimeControl "180"]

1. e4 e5 2. Nf3 Nf6 3. Nxe5 d6 4. Nxf7 Kxf7 5. d4 c5 6. Bc4+ d5 7. exd5 Bd6 8.
dxc5 Bxc5 9. O-O Bd6 10. Nc3 Nbd7 11. Nb5 Ne5 12. Nxd6+ Qxd6 13. Bb3 Re8 14.
Bf4 Bd7 15. c4 Rac8 16. Rc1 b6 17. Bc2 g6 18. b3 Kg7 19. Qd4 Nh5 20. Be3 Qf6
21. Be4 Ng4 22. Qxf6+ Nhxf6 23. Bb1 Nxe3 24. fxe3 Rxe3 25. Rce1 Rxe1 26. Rxe1
Re8 27. Rxe8 Nxe8 28. Kf2 Kf6 29. Ke3 Ke5 30. h4 Nd6 31. h5 Bf5 32. hxg6 hxg6
33. Bxf5 gxf5 34. Kd3 f4 35. b4 Ne4 36. a4 a6 37. a5 bxa5 38. bxa5 Nc5+ 39. Kc3
Kd6 40. Kd4 Nb3+ 41. Ke4 Nxa5 42. Kxf4 Nxc4 43. Ke4 a5 44. Kd4 Nb6 45. g4 Nxd5
46. Kc4 Kc6 47. g5 Nf4 48. Kb3 Kb5 49. Ka3 a4 50. Ka2 Kb4 51. Kb2 a3+ 52. Ka2
Ka4 53. Ka1 Kb3 54. Kb1 a2+ 55. Ka1 Nd3 56. g6 Nb4 57. g7 Nc2# {Normal} 0-1